 Dungeon Crawl Stone Soup version 0.28.0-53-g5a82cb258f (webtiles) character file.

Game seed: 17048258503193011776

757 Plasmagod the Slasher (level 7, 0/60 HPs)
             Began as a Gnoll Cinder Acolyte on July 22, 2022.
             Was an Elder of Ignis.
             Succumbed to a hornet's poison
             ... on level 5 of the Dungeon.
             The game lasted 00:10:31 (5719 turns).

Plasmagod the Slasher (Gnoll Cinder Acolyte)        Turns: 5719, Time: 00:10:31

Health: 0/60       AC: 11    Str: 20    XL:     7   Next: 79%
Magic:  13/13      EV: 12    Int: 13    God:    Ignis [****..]
Gold:   271        SH:  0    Dex:  9    Spells: 12/14 levels left

rFire   + + .      SeeInvis .   t - +9 whip "Xonwaun" {flame, rN+ Will+}
rCold   . . .      Faith    .   (no shield)
rNeg    + . .      Spirit   .   y - +0 leather armour
rPois   .          Reflect  .   g - +1 hat
rElec   .          Harm     .   (no cloak)
rCorr   .          Rampage  .   (no gloves)
Will    +....                   (no boots)
Stlth   ++........              (no amulet)
HPRegen 0.20/turn               n - +6 ring of strength
MPRegen 0.13/turn               (no ring)

@: lethally poisoned (0 -> -24), fiery-armoured, slowed, invisible, very slow
A: fangs 2, strong nose, distributed training, horns 1, fire resistance 1,
evolution 1
a: Renounce Religion, Fiery Armour, Foxfire Swarm, Rising Flame


You were on level 5 of the Dungeon.
You worshipped Ignis.
Ignis was greatly pleased with you.
You visited 1 branch of the dungeon, and saw 5 of its levels.
You also visited: Sewer.

You collected 271 gold pieces.

Inventory:

Hand Weapons
 a - a -1 falchion of flaming
 h - a +3 flail
 t - the +9 whip "Xonwaun" (weapon) {flame, rN+ Will+}
   (You found it in a sewer)

   It burns those it strikes, dealing additional fire damage.
   rN:        It protects you from negative energy.
   Will:      It increases your willpower.
Missiles
 i - 3 throwing nets (quivered)
Armour
 g - a +1 hat (worn)
 y - a +0 leather armour (worn)
Jewellery
 n - a +6 ring of strength (left hand)
Wands
 z - a wand of polymorph (6)
Scrolls
 b - a scroll of blinking {unknown}
 d - 5 scrolls of identify {unknown}
 f - 2 scrolls of teleportation {unknown}
 j - a scroll of fog {unknown}
 l - a scroll of enchant weapon {unknown}
 m - 2 scrolls of fear {unknown}
 p - a scroll of noise {unknown}
 u - a scroll of silence {unknown}
Potions
 c - a potion of curing {unknown}
 e - a potion of resistance {unknown}
 k - a potion of berserk rage {unknown}
 o - a potion of heal wounds {unknown}
 q - a potion of invisibility
 r - a potion of cancellation {unknown}
 s - 2 potions of mutation
 v - 2 potions of haste {unknown}
 w - a potion of might {unknown}
 x - a potion of magic {unknown}
 A - a potion of brilliance {unknown}


   Skills:
 + Level 7.1 Fighting
 + Level 2.7 Short Blades
 + Level 7.1 Long Blades
 + Level 2.7 Axes
 + Level 2.7 Maces & Flails
 + Level 2.7 Polearms
 + Level 2.7 Staves
 + Level 2.7 Slings
 + Level 2.7 Bows
 + Level 2.7 Crossbows
 + Level 2.7 Throwing
 + Level 2.7 Armour
 + Level 2.7 Dodging
 + Level 2.7 Stealth
 + Level 2.7 Shields
 + Level 2.7 Unarmed Combat
 + Level 4.0 Spellcasting
 + Level 2.2 Conjurations
 + Level 2.2 Hexes
 + Level 2.2 Summonings
 + Level 2.2 Necromancy
 + Level 2.2 Translocations
 + Level 2.2 Transmutations
 + Level 5.9 Fire Magic
 + Level 2.2 Ice Magic
 + Level 2.2 Air Magic
 + Level 2.2 Earth Magic
 + Level 2.2 Poison Magic
 + Level 3.0 Invocations
 + Level 2.7 Evocations


You had 12 spell levels left.
You knew the following spells:

 Your Spells              Type           Power      Damage    Failure   Level
a - Scorch                Fire           36%        2d7       3%          2

Your spell library contained the following spells:

 Spells                   Type           Power      Damage    Failure   Level
 Beastly Appendage        Tmut           16%        N/A       10%         1
 Summon Small Mammal      Summ           32%        N/A       10%         1
 Wereblood                Tmut           8%         N/A       14%         2
 Call Canine Familiar     Summ           8%         N/A       28%         3
 Gell's Gravitas          Tloc           8%         N/A       28%         3
 Spider Form              Tmut/Pois      8%         N/A       28%         3
 Summon Guardian Golem    Hex/Summ       8%         N/A       28%         3
 Teleport Other           Tloc           8%         N/A       28%         3
 Dispersal                Tloc           4%         N/A       100%        6


Dungeon Overview and Level Annotations

Branches:
Dungeon (5/15)              Sewer (visited)
 Temple: D:4-7

Altars:
Trog


Innate Abilities, Weirdness & Mutations

You have extremely sharp teeth.
Your uncanny sense of smell can sniff out nearby items.
Your experience applies equally to all skills.
You have a pair of small horns on your head.
Your flesh is heat resistant. (rF+)
You have hidden genetic potential.


Message History

You whack the hornet! You burn the hornet.
The hornet is heavily wounded.
The hornet completely misses you. The hornet stings you!
You feel yourself slow down.
You closely miss the hornet.
The hornet is heavily wounded.
You feel yourself speed up. The hornet barely misses you.
The hornet stings you.
You feel yourself slow down.
You hit the hornet but do no damage.
The hornet is heavily wounded.
You feel yourself speed up. The hornet stings you!
You feel yourself slow down. The hornet stings you.
You are poisoned.
You feel as though you will be slow longer.
A protective cloak of flame settles atop you.
You feel very sick.
The hornet stings you but does no damage.
The hornet is burned by your cloak of flames.
The hornet is severely wounded.
The hornet stings you.
* * * LOW HITPOINT WARNING * * *
You are lethally poisoned!
You feel as though you will be slow longer.
The hornet is burned by your cloak of flames.
The hornet is severely wounded.
It was a potion of mutation.
You feel extremely strange.
Your teeth lengthen and sharpen some more.
You feel a hidden potential growing inside you.
A pair of horns grows on your head!
You feel resistant to heat.
* * * LOW HITPOINT WARNING * * *
You feel very sick. The hornet stings you.
* * * LOW HITPOINT WARNING * * *
You are more poisoned.
You feel as though you will be slow longer.
The hornet barely misses you. x2
It was a potion of invisibility.
You fade into invisibility!
You die...

### #≈## ... #≈≈#
### #.≈# #.≈ #..
## #########
##.##..# #.^....<.
#..y.≈# #.####.#
#@# #.#..#.#
#.####.# #......#
#......# #...P..#
######.# #..♣...#
#.# #......# #.#
#.#..#.#
#.########.##...#
#..........####.##
############ #..#


You could see a hornet.

Vanquished Creatures
  A scorpion (D:5)
  A water moccasin skeleton (D:5)
  A howler monkey (D:4)
  A bullfrog skeleton (D:5)
  2 orc priests
  A hound (D:5)
  2 iguanas
  2 orc wizards
  8 adders
  8 gnolls
  9 river rats
  2 adder skeletons (D:4)
  4 worms
  2 dart slugs
  11 orcs
  6 bats
  4 endoplasms
  A giant cockroach (D:1)
  9 goblins
  5 hobgoblins
  2 jackals (D:1)
  A quokka (D:1)
  9 ball pythons
  A frilled lizard (D:3)
  21 kobolds
  38 rats
152 creatures vanquished.

Vanquished Creatures (others)
  An orc wizard (D:5)
1 creature vanquished.

Grand Total: 153 creatures vanquished

Notes
Turn   | Place    | Note
-------+----------+-------------------------------------------
     0 | D:1      | Plasmagod the Gnoll Cinder Acolyte began the quest for the
                  | Orb.
     0 | D:1      | Reached XP level 1. HP: 23/23 MP: 4/4
   215 | D:1      | Reached XP level 2. HP: 17/29 MP: 5/5
   846 | D:1      | Reached XP level 3. HP: 31/35 MP: 7/7
  1355 | D:2      | Reached skill level 1 in Invocations
  1610 | D:2      | Reached skill level 1 in Short Blades
  1610 | D:2      | Reached skill level 1 in Axes
  1610 | D:2      | Reached skill level 1 in Maces & Flails
  1610 | D:2      | Reached skill level 1 in Polearms
  1610 | D:2      | Reached skill level 1 in Staves
  1610 | D:2      | Reached skill level 1 in Slings
  1610 | D:2      | Reached skill level 1 in Bows
  1610 | D:2      | Reached skill level 1 in Crossbows
  1610 | D:2      | Reached skill level 1 in Throwing
  1610 | D:2      | Reached skill level 1 in Armour
  1610 | D:2      | Reached skill level 1 in Dodging
  1610 | D:2      | Reached skill level 1 in Stealth
  1610 | D:2      | Reached skill level 1 in Shields
  1610 | D:2      | Reached skill level 1 in Unarmed Combat
  1610 | D:2      | Reached skill level 1 in Evocations
  1617 | D:2      | Reached XP level 4. HP: 35/41 MP: 8/8
  1625 | D:2      | Learned a level 2 spell: Scorch
  1741 | D:2      | Reached skill level 1 in Conjurations
  1741 | D:2      | Reached skill level 1 in Hexes
  1741 | D:2      | Reached skill level 1 in Summonings
  1741 | D:2      | Reached skill level 1 in Necromancy
  1741 | D:2      | Reached skill level 1 in Translocations
  1741 | D:2      | Reached skill level 1 in Transmutations
  1741 | D:2      | Reached skill level 1 in Ice Magic
  1741 | D:2      | Reached skill level 1 in Air Magic
  1741 | D:2      | Reached skill level 1 in Earth Magic
  1741 | D:2      | Reached skill level 1 in Poison Magic
  2315 | D:3      | Reached XP level 5. HP: 29/47 MP: 1/9
  2548 | D:3      | Found a glowing drain.
  2693 | Sewer    | Entered a sewer
  3025 | Sewer    | Reached XP level 6. HP: 40/53 MP: 10/10
  3251 | Sewer    | Identified the +9 whip "Xonwaun" {flame, rN+ Will+}
  3548 | D:3      | Found a bloodstained altar of Trog.
  4230 | D:4      | Reached XP level 7. HP: 37/59 MP: 12/12
  5186 | D:5      | Entered Level 5 of the Dungeon
  5707 | D:5      | Noticed a hornet
  5718 | D:5      | Gained mutation: You have extremely sharp teeth. [potion of
                  | mutation]
  5718 | D:5      | Gained mutation: You have hidden genetic potential. [potion
                  | of mutation]
  5718 | D:5      | Gained mutation: You have a pair of small horns on your
                  | head. [potion of mutation]
  5718 | D:5      | Gained mutation: Your flesh is heat resistant. (rF+)
                  | [potion of mutation]
  5719 | D:5      | Succumbed to a hornet's poison

Illustrated notes

Levels and vault maps discovered:
D:1:      nzn_arrival_depleted_hourglass, layout_basic, minmay_rat_gold_closets
D:2:      layout_loops_cross
D:3:      layout_rooms, trog_book, portal_sewer_entry_b
D:4:      layout_loops_corners
D:5:      layout_loops_ring, serial_rivers, chequers_serial_rivers_small_b,
          chequers_serial_rivers_micro_a, chequers_serial_rivers_small_a,
          chequers_serial_rivers_small_3, chequers_serial_rivers_micro_d,
          serial_park_tiny_1

Skill      XL: |  1  2  3  4  5  6  7 |
---------------+----------------------+-----
Invocations    | 1 2 3 |  3.0
Short Blades   | 1 2 |  2.7
Axes           | 1 2 |  2.7
Maces & Flails | 1 2 |  2.7
Polearms       | 1 2 |  2.7
Staves         | 1 2 |  2.7
Slings         | 1 2 |  2.7
Bows           | 1 2 |  2.7
Crossbows      | 1 2 |  2.7
Throwing       | 1 2 |  2.7
Armour         | 1 2 |  2.7
Dodging        | 1 2 |  2.7
Stealth        | 1 2 |  2.7
Shields        | 1 2 |  2.7
Unarmed Combat | 1 2 |  2.7
Evocations     | 1 2 |  2.7
Spellcasting   | 3 4 |  4.0
Conjurations   | 1 2 |  2.2
Hexes          | 1 2 |  2.2
Summonings     | 1 2 |  2.2
Necromancy     | 1 2 |  2.2
Translocations | 1 2 |  2.2
Transmutations | 1 2 |  2.2
Ice Magic      | 1 2 |  2.2
Air Magic      | 1 2 |  2.2
Earth Magic    | 1 2 |  2.2
Poison Magic   | 1 2 |  2.2
Fighting       | 7 |  7.1
Long Blades    | 7 |  7.1
Fire Magic     | |  5.9

Action                   |  1- 3 |  4- 6 |  7- 9 || total
-------------------------+-------+-------+-------++-------
Melee: Falchion          |   121 |    11 |       ||   132
       Bite              |     9 |     8 |     7 ||    24
       Punch             |     4 |     3 |     1 ||     8
       Flail             |       |   107 |       ||   107
       Whip              |       |    43 |    69 ||   112
 Cast: Scorch            |       |     4 |       ||     4
Invok: Fiery Armour      |       |     3 |     1 ||     4
  Use: Potion            |       |       |     2 ||     2
 Stab: Sleeping          |     1 |       |       ||     1
Armor: Robe              |    33 |    43 |       ||    76
       Leather armour    |       |     3 |    19 ||    22
Dodge: Dodged            |    61 |    90 |    33 ||   184
